 Dungeon Crawl Stone Soup version 0.31.0-32-g396128a36d (webtiles) character file.

Game seed: 16964825007057162980

67412 Eolas the Fighter (level 15, -17/118 HPs)
             Began as a Djinni Conjurer on Apr 16, 2024.
             Was the Champion of Makhleb.
             Shot with a bolt by Vashnia (24 damage)
             ... on level 2 of the Snake Pit on Apr 20, 2024.
             The game lasted 01:53:34 (19686 turns).

Eolas the Fighter (Djinni Conjurer)                Turns: 19686, Time: 01:53:35

Health: -17/118    AC: 16    Str:  6    XL:     15   Next: 66%
Gold:   701        EV: 12    Int: 27    God:    Makhleb [******] SH: 12 Dex: 10

rFire   + + +        N - +3 Elemental Staff {ele, rElec rF+ rC+ AC+3}
rCold   + + .        X - +2 kite shield {rC+}
rNeg    + + .        R - +0 troll leather armour
rPois   ∞            o - +2 helmet
rElec   +            z - +1 cloak
rCorr   +            M - +2 pair of gloves of Surprise {rF+ rN+ rCorr Dex-2}
SInv    .            (boots unavailable)
Will    +....        S - amulet of regeneration
Stlth   +            d - ring of positive energy
HPRegen 1.99/turn    f - ring of ice
MPRegen 0.00/turn

%: infuse magic (-18 HP)
@: flying
A: sickness immunity, fire resistance 2, cold vulnerability 1, float, innate
caster, HP casting, extra vitality 1
a: Renounce Religion, Minor Destruction, Lesser Servant of Makhleb, Major
Destruction, Greater Servant of Makhleb


You were on level 2 of the Snake Pit.
You worshipped Makhleb.
Makhleb was exalted by your worship.
You visited 6 branches of the dungeon, and saw 20 of its levels.
You also visited: Bailey and Ice Cave.

You collected 2228 gold pieces.
You spent 1527 gold pieces at shops.

Inventory:

Hand Weapons
 h - the +1 flail of the Blue God {protect, ^Drain rF+ rC+++}
   (You found it on level 4 of the Dungeon)

   rF+:       It protects you from fire.
   rC+++:     It renders you almost immune to cold.
   ^Drain:    It drains your maximum health when unequipped.
 F - the +10 rapier of Earthquakes {venom, ^Fragile rElec rC+++ Str-4}
   (You found it on level 10 of the Dungeon)

   Str-4:     It affects your strength (-4).
   rC+++:     It renders you almost immune to cold.
   rElec:     It insulates you from electricity.
   ^Fragile:  It will be destroyed if unequipped.
 N - the +3 Elemental Staff (weapon) {ele, rElec rF+ rC+ AC+3}
   (You bought it in a shop on level 1 of the Orcish Mines)

   AC+3:      It affects your AC (+3).
   rF+:       It protects you from fire.
   rC+:       It protects you from cold.
   rElec:     It insulates you from electricity.
Missiles
 C - 7 throwing nets
Armour
 j - a +2 buckler
 o - a +2 helmet (worn)
 t - a +2 pair of gloves
 z - a +1 cloak (worn)
 M - the +2 pair of gloves of Surprise (worn) {rF+ rN+ rCorr Dex-2}
   (You found it on level 11 of the Dungeon)

   Dex-2:     It affects your dexterity (-2).
   rF+:       It protects you from fire.
   rN+:       It protects you from negative energy.
   rCorr:     It protects you from acid and corrosion.
 Q - a +2 robe of positive energy
 R - a +0 troll leather armour (worn)
 X - a +2 kite shield of cold resistance (worn)
Magical Staves
 G - a staff of conjuration
Jewellery
 a - a ring of resist corrosion
 b - an amulet of the acrobat
 d - a ring of positive energy (left hand)
 f - a ring of ice (right hand)
 i - a ring of willpower
 l - a ring of fire
 n - a +6 ring of strength
 v - a ring of protection from fire
 L - a ring of positive energy
 S - an amulet of regeneration (around neck)
 W - a ring of ice
Wands
 q - a wand of iceblast (25)
 r - a wand of acid (12)
 y - a wand of polymorph (20)
 A - a wand of mindburst (9)
 E - a wand of charming (12)
 J - a wand of flame (34)
Scrolls
 s - 5 scrolls of amnesia
 u - 2 scrolls of enchant weapon
 w - a scroll of revelation
 B - a scroll of poison
 H - 2 scrolls of brand weapon
 I - 6 scrolls of teleportation
 K - 2 scrolls of immolation
Potions
 c - 8 potions of curing
 e - 5 potions of enlightenment
 g - 2 potions of resistance
 k - a potion of attraction
 m - a potion of cancellation
 p - 3 potions of mutation
 x - a potion of might
 D - a potion of magic {unknown}
 O - 2 potions of brilliance
 T - 2 potions of haste


   Skills:
 + Level 14.4 Fighting
 + Level 8.2 Armour
 - Level 12.0 Dodging
 - Level 1.5 Stealth
 + Level 8.6 Shields
 + Level 12.5 Spellcasting
 + Level 12.5 Conjurations
 + Level 12.5 Hexes
 + Level 12.5 Summonings
 + Level 12.5 Necromancy
 + Level 12.5 Translocations
 + Level 12.5 Fire Magic
 + Level 12.5 Ice Magic
 + Level 12.5 Air Magic
 + Level 12.5 Earth Magic
 + Level 12.5 Alchemy
 - Level 5.0 Invocations


You knew the following spells:

 Your Spells              Type           Power      Damage    Failure   Level
a - Magic Dart            Conj           100%       1d8       1%          1
b - Searing Ray           Conj           100%       2d8       1%          2
c - Fulminant Prism       Conj/Alch      35%        3d17      1%          4
d - Iskenderun's Mystic   Conj/Tloc      71%        2d14      1%          4
e - Slow                  Hex            100%       N/A       1%          1
f - Scorch                Fire           100%       2d9       1%          2
g - Passwall              Erth           91%        N/A       1%          3
h - Summon Lightning Spi  Summ/Air       91%        N/A       1%          4
i - Silence               Hex/Air        45%        N/A       3%          5
j - Iskenderun's Battles  Conj           71%        2d12      3%          5
k - Starburst             Conj/Fire      45%        6d13      21%         6
Your spell library was empty.

Dungeon Overview and Level Annotations

Branches:
Dungeon (12/15)            Temple (1/1) D:4            Lair (2/5) D:10
  Swamp (0/4) Lair:2        Snake (2/4) Lair:2          Orc (2/2) D:11
    Elf (1/3) Orc:2        Bailey (visited)           IceCv (visited)

Altars:
Ashenzari
Cheibriados
Dithmenos
Elyvilon
Fedhas
Gozag
Hepliaklqana
Makhleb
Nemelex Xobeh
Okawaru
Qazlal
Ru
Trog
Uskayaw
Wu Jian
Xom
Yredelemnul
Zin
The Shining One

Shops:
D:3 (   D:8 [   D:9 =   D:12 :   Orc:1 (   Orc:2 !![=   Snake:2 !

Annotations:
Snake:2 Vashnia


Innate Abilities, Weirdness & Mutations

You are immune to sickness and miasma.
You are immune to poison.
Your flesh is very heat resistant. (rF++)
You are vulnerable to cold. (rC-)
You float through the air rather than walking.
You learn spells naturally, not from books.
Your magical power is your life essence.
You have superior vitality. (+4 MHP)


Message History

Vashnia spits poison at you.
The splash of poison hits you but does no damage.
You resist.
A naga sharpshooter comes into view. It is wielding a +0 scimitar.
Your fulminant prism crackles loudly.
Your fulminant prism explodes!
The blast of energy engulfs Vashnia!!
Vashnia is heavily wounded.
You hear an angry hiss.
Casting: Fulminant Prism (mildly dangerous; 1% risk of failure)
Confirm with . or Enter, or press ? or * to list all spells.
Aiming: Fulminant Prism (mildly dangerous; 1% risk of failure)
Press: ? - help, Dir - move target You conjure a prism of explosive energy!
A fulminant prism comes into view.
Vashnia shoots a bolt.
The bolt hits you!! The bolt burns you.
The naga sharpshooter unwields a +0 scimitar.
The naga sharpshooter wields a +0 arbalest.
The naga sharpshooter shoots a bolt.
The bolt completely misses you.
Your fulminant prism explodes!
The blast of energy engulfs your fulminant prism!
Your fulminant prism is severely damaged.
The blast of energy engulfs Vashnia!!!
Vashnia is severely wounded.
You hear an angry hiss.
Casting: Fulminant Prism (mildly dangerous; 1% risk of failure)
Confirm with . or Enter, or press ? or * to list all spells.
Aiming: Fulminant Prism (mildly dangerous; 1% risk of failure)
Press: ? - help, Dir - move target You conjure a prism of explosive energy!
A fulminant prism comes into view.
Vashnia shoots a bolt.
The bolt hits you!!
* * * LOW HITPOINT WARNING * * *
The bolt burns you.
* * * LOW HITPOINT WARNING * * *
The naga sharpshooter shoots a bolt.
The bolt hits you but does no damage.
Your fulminant prism crackles loudly.
Vashnia shoots a bolt.
The bolt hits you!!
You die...
Vashnia says, "Headshot."

# #. ####
###.####...###
####....#.......#
#....#..........#
........#.....#
.........#....#
........†@†..#
.........†#.###
........).....##
........*[*......
.!.......[#####...
......)..N.# ####
...........)N ..#
. #..∩....N...##
.. . #..........##
.. .


You could see Vashnia (ally target), a naga sharpshooter and 2 friendly
fulminant prisms.

Vanquished Creatures
  Gastronok (Lair:2)
  A reaper (IceCv)
  An ettin (Orc:1)
  Harold (Lair:2)
  2 ogre magi (Orc:2)
  A centaur warrior (D:9)
  2 naga warriors
  A boulder beetle (D:11)
  A dancing weapon (Elf:1)
  Erica (D:10)
  3 two-headed ogres
  A tengu warrior (D:9)
  An orc high priest (Orc:2)
  Sonja (D:12)
  A deep elf knight (Elf:1)
  3 shock serpents
  A skyshark (Lair:2)
  5 naga sharpshooters
  Nergalle (Lair:2)
  Amaemon (Lair:1)
  A mana viper (Snake:2)
  2 deep elf archers (Elf:1)
  An orc knight (Orc:2)
  7 orc sorcerers (Orc:2)
  Pikel (D:4)
  2 deep elf zephyrmancers (Elf:1)
  9 deep elf pyromancers
  3 ugly things
  2 cyclopes (D:12)
  2 salamanders (Snake:1)
  A kobold blastminer (Orc:1)
  2 guardian serpents
  2 ice statues (IceCv)
  2 gargoyles
  6 black mambas
  2 naga magi (Snake:2)
  2 cane toads (Lair:2)
  An orange demon (Lair:1)
  2 rime drakes
  6 komodo dragons
  A kobold demonologist (D:11)
  An anaconda simulacrum (IceCv)
  7 ice devils (IceCv)
  4 trolls
  An efreet (D:12)
  Grinder (D:5)
  A polar bear (Lair:2)
  A hornet (D:7)
  Prince Ribbit (D:6)
  6 blink frogs
  A spriggan (shapeshifter) (Elf:1)
  Sigmund (D:4)
  3 wyverns
  3 slime creatures
  5 wraiths
  2 water elementals (D:11)
  2 basilisks
  25 yaks
  6 wargs
  Eustachio (D:6)
  9 nagas
  An acid dragon (D:12)
  A hydra simulacrum (IceCv)
  6 water moccasins
  A black bear (D:6)
  4 ice beasts
  21 orc warriors
  A sky beast (D:6)
  14 ogres
  4 centaurs
  15 wolves
  3 lemures (D:4)
  2 kobold brigands
  2 phantoms
  9 bullfrogs
  8 gnoll sergeants
  3 scorpions
  A cane toad simulacrum (IceCv)
  5 wights (D:8)
  16 killer bees
  An elephant simulacrum (IceCv)
  9 electric eels
  4 howler monkeys
  2 jellies (D:6)
  Crazy Yiuf (D:7)
  A bombardier beetle (D:5)
  7 hounds
  15 orc priests
  7 gnoll boudas
  5 iguanas
  Natasha (thrice) (D:4)
  27 orc wizards
  2 spriggan simulacra (IceCv)
  2 polar bear simulacra (IceCv)
  3 troll simulacra (IceCv)
  2 wolf simulacra (IceCv)
  Robin (D:3)
  23 gnolls
  5 naga simulacra (IceCv)
  8 adders
  3 white imps
  5 ufetubi
  2 dart slugs (D:4)
  87 orcs
  5 endoplasms
  4 giant cockroaches
  15 goblins
  5 hobgoblins
  4 quokkas
  6 ball pythons
  6 bats
  5 frilled lizards
  21 kobolds
  5 rats
  A spectral hobgoblin (D:3)
  2 butterflies (D:4)
589 creatures vanquished.

Vanquished Creatures (collateral kills)
  An anaconda (Snake:2)
  3 naga sharpshooters
  2 orc sorcerers (Orc:2)
  A black mamba (Snake:1)
  A naga (Snake:2)
  7 orc wizards (Orc:2)
  2 orcs (Orc:2)
17 creatures vanquished.

Vanquished Creatures (others)
  An orc high priest (Orc:2)
  A deep elf knight (Elf:1)
  5 dream sheep (D:7)
  330 fulminant prisms
337 creatures vanquished.

Grand Total: 943 creatures vanquished

Notes
Turn   | Place    | Note
-------+----------+-------------------------------------------
     0 | D:1      | Eolas the Djinni Conjurer began the quest for the Orb.
     0 | D:1      | Eolas set off with the following spells memorised: Magic
                  | Dart, Searing Ray, Fulminant Prism, Iskenderun's Mystic
                  | Blast.
     0 | D:1      | Reached XP level 1. HP: 15/15 MP: 0/0
   198 | D:1      | Reached XP level 2. HP: 20/22 MP: 0/0
   351 | D:1      | Reached skill level 1 in Fighting
   536 | D:1      | Reached XP level 3. HP: 23/27 MP: 0/0
   536 | D:1      | Learned a level 1 spell: Slow
  1101 | D:3      | Found a faded altar of an unknown god.
  1172 | D:3      | Reached XP level 4. HP: 31/32 MP: 0/0
  1195 | D:3      | Found Deankaen's Antique Weapon Emporium.
  1282 | D:3      | Found a shadowy altar of Dithmenos.
  1464 | D:3      | Reached skill level 2 in Fighting
  1597 | D:3      | Reached XP level 5. HP: 38/38 MP: 0/0
  1597 | D:3      | Learned a level 2 spell: Scorch
  1706 | D:3      | Noticed Robin
  1713 | D:3      | Killed Robin
  1893 | D:3      | Reached skill level 5 in Spellcasting
  1893 | D:3      | Reached skill level 5 in Conjurations
  1893 | D:3      | Reached skill level 5 in Hexes
  1893 | D:3      | Reached skill level 5 in Summonings
  1893 | D:3      | Reached skill level 5 in Necromancy
  1893 | D:3      | Reached skill level 5 in Translocations
  1893 | D:3      | Reached skill level 5 in Fire Magic
  1893 | D:3      | Reached skill level 5 in Ice Magic
  1893 | D:3      | Reached skill level 5 in Air Magic
  1893 | D:3      | Reached skill level 5 in Earth Magic
  1893 | D:3      | Reached skill level 5 in Alchemy
  2153 | D:4      | Found a staircase to the Ecumenical Temple.
  2156 | D:4      | Identified the +1 flail of the Blue God {protect, ^Drain
                  | rF+ rC+++}
  2181 | D:4      | Reached XP level 6. HP: 41/45 MP: 0/0
  2193 | Temple   | Entered the Ecumenical Temple
  2206 | Temple   | Became a worshipper of Makhleb the Destroyer
  2292 | D:4      | Noticed an ogre
  2300 | D:4      | Killed an ogre
  2301 | D:4      | Reached skill level 3 in Fighting
  2417 | D:4      | Noticed Sigmund
  2427 | D:4      | Killed Sigmund
  2428 | D:4      | Reached XP level 7. HP: 37/51 MP: 0/0
  2428 | D:4      | Learned a level 3 spell: Passwall
  2539 | D:4      | Noticed Pikel
  2609 | D:4      | Killed Pikel
  2610 | D:4      | Reached skill level 4 in Fighting
  2610 | D:4      | Reached XP level 8. HP: 25/58 MP: 0/0
  3053 | D:4      | Noticed Natasha
  3058 | D:4      | Killed Natasha
  3059 | D:4      | Reached skill level 5 in Fighting
  3315 | D:4      | Noticed Natasha
  3318 | D:4      | Killed Natasha
  3614 | D:4      | Noticed Natasha
  3620 | D:4      | Killed Natasha
  3640 | D:5      | Entered Level 5 of the Dungeon
  4016 | D:5      | Reached XP level 9. HP: 53/65 MP: 0/0
  4016 | D:5      | Learned a level 4 spell: Summon Lightning Spire
  4065 | D:5      | Reached * piety under Makhleb
  4088 | D:5      | Noticed Grinder
  4095 | D:5      | Killed Grinder
  4096 | D:5      | Reached skill level 6 in Fighting
  4276 | D:5      | Reached skill level 5 in Dodging
  4796 | D:6      | Reached skill level 1 in Invocations
  4943 | D:6      | Noticed a two-headed ogre
  4951 | D:6      | Killed a two-headed ogre
  4952 | D:6      | Reached skill level 7 in Fighting
  4952 | D:6      | Reached XP level 10. HP: 46/75 MP: 0/0
  5398 | D:6      | Noticed Prince Ribbit
  5406 | D:6      | Killed Prince Ribbit
  5590 | D:6      | Noticed Eustachio
  5595 | D:6      | Killed Eustachio
  6333 | D:7      | Found a shimmering altar of Xom.
  6395 | D:7      | Found a hazy altar of Hepliaklqana.
  6888 | D:7      | Found a runed translucent door.
  6889 | D:7      | Noticed Crazy Yiuf
  6895 | D:7      | Killed Crazy Yiuf
  7109 | D:8      | Noticed a two-headed ogre
  7116 | D:8      | Reached skill level 8 in Fighting
  7118 | D:8      | Killed a two-headed ogre
  7118 | D:8      | Reached ** piety under Makhleb
  7129 | D:8      | Reached skill level 5 in Invocations
  7129 | D:8      | Reached XP level 11. HP: 73/82 MP: 0/0
  7129 | D:8      | Learned a level 5 spell: Silence
  7492 | D:8      | Found a flagged portal.
  7498 | Bailey   | Entered a bailey
  7774 | Bailey   | Reached skill level 9 in Fighting
  8725 | D:8      | Found Weluarph's Armour Boutique.
  8890 | D:9      | Identified the +4 chain mail of a Million Servitors {+Blink
                  | rC+ rN+ Str-4}
  9216 | D:9      | Noticed a green ugly thing
  9218 | D:9      | Noticed a tengu warrior
  9226 | D:9      | Killed a tengu warrior
  9229 | D:9      | Killed a green ugly thing
  9234 | D:9      | Reached *** piety under Makhleb
  9242 | D:9      | Noticed a deep elf pyromancer
  9261 | D:9      | Killed a deep elf pyromancer
  9474 | D:9      | Noticed a centaur warrior
  9483 | D:9      | Killed a centaur warrior
  9488 | D:9      | Noticed a cyan ugly thing
  9498 | D:9      | Killed a cyan ugly thing
  9499 | D:9      | Reached skill level 10 in Fighting
  9509 | D:9      | Reached XP level 12. HP: 36/91 MP: 0/0
  9667 | D:9      | Identified the +1 chain mail of the Elven Halls {rF+ rC+
                  | Str+2}
  9683 | D:9      | Identified the +4 ring mail of Zisuac {*Corrode rElec rPois
                  | Dex+2}
  9772 | D:9      | Found Luryj Qaz's Jewellery Shoppe.
  9873 | D:9      | Found an opulent altar of Gozag.
 10001 | D:9      | Reached skill level 10 in Dodging
 10235 | D:10     | Entered Level 10 of the Dungeon
 10397 | D:10     | Found a glowing silver altar of Zin.
 10564 | D:10     | Noticed Erica
 10576 | D:10     | Killed Erica
 10783 | D:10     | Identified the +10 rapier of Earthquakes {venom, ^Fragile
                  | rElec rC+++ Str-4}
 10827 | D:10     | Reached **** piety under Makhleb
 10828 | D:10     | Reached skill level 10 in Spellcasting
 10828 | D:10     | Reached skill level 10 in Conjurations
 10828 | D:10     | Reached skill level 10 in Hexes
 10828 | D:10     | Reached skill level 10 in Summonings
 10828 | D:10     | Reached skill level 10 in Necromancy
 10828 | D:10     | Reached skill level 10 in Translocations
 10828 | D:10     | Reached skill level 10 in Fire Magic
 10828 | D:10     | Reached skill level 10 in Ice Magic
 10828 | D:10     | Reached skill level 10 in Air Magic
 10828 | D:10     | Reached skill level 10 in Earth Magic
 10828 | D:10     | Reached skill level 10 in Alchemy
 10967 | D:10     | Found a staircase to the Lair.
 11594 | D:11     | Noticed a two-headed ogre
 11601 | D:11     | Killed a two-headed ogre
 11745 | D:11     | Identified the +2 pair of gloves of Surprise {rF+ rN+ rCorr
                  | Dex-2}
 11858 | D:11     | Reached skill level 11 in Fighting
 11886 | D:11     | Found a staircase to the Orcish Mines.
 12233 | D:11     | Noticed a boulder beetle
 12276 | D:11     | Killed a boulder beetle
 13202 | D:12     | Reached XP level 13. HP: 50/99 MP: 0/0
 13202 | D:12     | Learned a level 5 spell: Iskenderun's Battlesphere
 13461 | D:12     | Found Cusy's Book Emporium.
 13496 | D:12     | Noticed Sonja
 13516 | D:12     | Killed Sonja
 14039 | D:12     | Reached skill level 12 in Fighting
 14039 | D:12     | Reached skill level 1 in Shields
 14226 | D:12     | Identified a scroll of acquirement
 14226 | D:12     | Acquired 569 gold pieces
 14273 | Orc:1    | Entered Level 1 of the Orcish Mines
 14368 | Orc:1    | Found Jebbepuf's Weapon Boutique.
 14452 | Orc:1    | Reached ***** piety under Makhleb
 14614 | Orc:1    | Reached skill level 1 in Armour
 15075 | Orc:1    | Bought the +3 Elemental Staff {ele, rElec rF+ rC+ AC+3} for
                  | 799 gold pieces
 15075 | Orc:1    | Found the +3 Elemental Staff {ele, rElec rF+ rC+ AC+3}
 15087 | Orc:2    | Entered Level 2 of the Orcish Mines
 15221 | Orc:2    | Noticed an ettin
 15230 | Orc:1    | HP: 2/102 [ettin/+3 dire flail (18)]
 15238 | Orc:1    | Killed an ettin
 15507 | Orc:2    | Found a staircase to the Elven Halls.
 15600 | Orc:2    | Found Wilakk's Distillery.
 15624 | Orc:2    | Noticed an ogre mage
 15632 | Orc:2    | Killed an ogre mage
 15785 | Orc:2    | Bought a potion of curing for 45 gold pieces
 15785 | Orc:2    | Bought a potion of curing for 45 gold pieces
 15802 | Orc:2    | Found Viren's Distillery.
 15809 | Orc:2    | Bought a potion of curing for 48 gold pieces
 15809 | Orc:2    | Bought a potion of heal wounds for 80 gold pieces
 15818 | Orc:2    | Reached XP level 14. HP: 108/108 MP: 0/0
 15835 | Orc:2    | Paralysed by an ogre mage for 5 turns
 15857 | Orc:2    | Reached skill level 5 in Shields
 15874 | Orc:2    | Found Zaumu's Antique Armour Shoppe.
 15907 | Orc:2    | Found Kegithrua's Jewellery Shoppe.
 15917 | Orc:2    | Bought an amulet of regeneration for 510 gold pieces
 16124 | Orc:2    | Reached ****** piety under Makhleb
 16244 | Elf:1    | Entered Level 1 of the Elven Halls
 16293 | Elf:1    | Reached skill level 13 in Fighting
 16411 | Elf:1    | Reached skill level 5 in Armour
 16635 | Lair:1   | Entered Level 1 of the Lair of Beasts
 16762 | Lair:1   | Noticed Amaemon
 16776 | Lair:1   | Killed Amaemon
 17366 | Lair:2   | Found a shimmering altar of Xom.
 17382 | Lair:2   | Noticed Gastronok
 17392 | Lair:2   | Killed Gastronok
 17509 | Lair:2   | Found a staircase to the Swamp.
 17586 | Lair:2   | Noticed Nergalle
 17597 | Lair:2   | Noticed Harold
 17603 | Lair:2   | Killed Nergalle
 17609 | Lair:2   | Killed Harold
 17863 | Lair:2   | Identified the +7 long sword of Wacoud {speed, rC- Int+4}
 17867 | Lair:2   | Found the +15 Maxwell's patent armour {-Cast -Tele rElec
                  | Will+ rCorr}
 17920 | Lair:2   | Found a frozen archway.
 17929 | IceCv    | Entered an ice cave
 18037 | IceCv    | Reached XP level 15. HP: 116/116 MP: 0/0
 18037 | IceCv    | Learned a level 6 spell: Starburst
 18122 | IceCv    | Noticed a reaper
 18128 | IceCv    | Killed a reaper
 18492 | Lair:2   | Found a staircase to the Snake Pit.
 18587 | Snake:1  | Entered Level 1 of the Snake Pit
 18679 | Snake:1  | Reached skill level 14 in Fighting
 19458 | Snake:2  | Noticed Vashnia
 19519 | Snake:2  | Found Ogiov's Distillery.
 19685 | Snake:2  | HP: 5/118 [Vashnia/bolt (2)]
 19686 | Snake:2  | Shot with a bolt by Vashnia

Illustrated notes

Levels and vault maps discovered:
D:1:      heliophobic_arrival_glass_houses, layout_rooms
D:2:      layout_rooms
D:3:      minmay_angry_zag, layout_loops_ring,
          mainiacjoe_overflow_concentric_impassable,
          lemuel_coloured_pillars_altar, serial_shops,
          nicolae_shop_tiny_statue_garden,
          dreamdust_ecumenical_altar_drowned_temple, uniq_robin
D:4:      layout_loops_ring, minmay_temple_entry_butterflies,
          mrwooster_statue_mirror, chequers_serial_rivers_room_a,
          chequers_arboretum, uniq_natasha, uniq_sigmund, uniq_pikel
D:5:      layout_loops_cross, uniq_grinder
D:6:      layout_gridville, minmay_misc_feat_plants, minivault_4,
          minmay_fractal_squares_5, uniq_eustachio, uniq_prince_ribbit1
D:7:      statuecave_lemuel, layout_basic, lemuel_doored_altar,
          kb_xom_exploding_sheep, uniq_crazy_yiuf_cottage
D:8:      layout_rooms, serial_shops, shop, enter_bailey_4
D:9:      minmay_cut_squares, layout_grid_maze, mainiacjoe_overflow_paths,
          serial_shops, nicolae_shop_gaudy_bauble
D:10:     layout_basic, overflow_temple_1_default, hellmonk_lair_entry_icy,
          special_room [special_room_orc], uniq_erica
D:11:     layout_basic, david_orc_2, gauntlet_entry_generic
D:12:     layout_roguey, serial_shops, shop, uniq_sonja
Temple:   regret_index_temple_sphere_string
Lair:1:   layout_loops_ring, infiniplex_staircase_pool_2, uniq_amaemon
Lair:2:   layout_chaotic_city, swamp_mist, minmay_snake_entry_spellcaster,
          portal_ice_cave_entry_pillars_1, basic_altar,
          dreamdust_deal_with_the_devil, serial_bayou_lagoon_b, uniq_nergalle,
          uniq_harold, uniq_gastronok
Snake:1:  layout_grid_shapes, grunt_megastairs_5
Snake:2:  layout_chambers, serial_shops, shop,
          nicolae_snake_snakes_in_the_grass, uniq_aizul, uniq_donald,
          uniq_vashnia
Orc:1:    nicolae_orc_accident_2, layout_caves, serial_shops,
          nicolae_shop_bloodbath_and_beyond, regret_index_minedec_guest_junction
Orc:2:    kennysheep_orc_mage_school, layout_diamond_mine
Elf:1:    nicolae_elf_arrival_fired_up, layout_loops_corners,
          gammafunk_ghost_tricky_traps, nicolae_elf_shapeshifter_party

Skill      XL: |  1  2  3  4  5  6  7  8  9 10 11 12 13 14 15 |
---------------+----------------------------------------------+-----
Fighting       | 1 2 3 4 5 7 8 10 11 12 13 14 | 14.4
Spellcasting   | 4 5 6 7 8 9 10 11 12 | 12.5
Conjurations   | 4 5 6 7 8 9 10 11 12 | 12.5
Hexes          | 4 5 6 7 8 9 10 11 12 | 12.5
Summonings     | 4 5 6 7 8 9 10 11 12 | 12.5
Necromancy     | 4 5 6 7 8 9 10 11 12 | 12.5
Translocations | 4 5 6 7 8 9 10 11 12 | 12.5
Fire Magic     | 4 5 6 7 8 9 10 11 12 | 12.5
Ice Magic      | 4 5 6 7 8 9 10 11 12 | 12.5
Air Magic      | 4 5 6 7 8 9 10 11 12 | 12.5
Earth Magic    | 4 5 6 7 8 9 10 11 12 | 12.5
Alchemy        | 4 5 6 7 8 9 10 11 12 | 12.5
Dodging        | 3 6 7 9 11 12 | 12.0
Invocations    | 2 5 |  5.0
Shields        | 4 7 8 |  8.6
Armour         | 3 6 8 |  8.2
Stealth        | |  1.5

Action                     |  1- 3 |  4- 6 |  7- 9 | 10-12 | 13-15 || total
---------------------------+-------+-------+-------+-------+-------++-------
  Melee: Flail             |       |       |       |     3 |       ||     3
         Staff             |       |       |       |       |    22 ||    22
   Cast: Magic Dart        |    66 |    71 |    87 |   172 |   130 ||   526
         Searing Ray       |     1 |     8 |    34 |    54 |    74 ||   171
         Fulminant Prism   |       |       |     4 |   122 |   207 ||   333
         Iskenderun's Myst |       |       |       |    54 |   117 ||   171
         Summon Lightning  |       |       |       |     1 |    12 ||    13
         Scorch            |       |       |       |    18 |       ||    18
         Iskenderun's Batt |       |       |       |       |     2 ||     2
         Slow              |       |       |       |       |     1 ||     1
    Use: Scroll            |     2 |     2 |     3 |    19 |     6 ||    32
         Potion            |       |       |       |     1 |     3 ||     4
 Armour: Robe              |     4 |     8 |    20 |    87 |     5 ||   124
         Troll leather arm |       |       |       |       |   299 ||   299
  Dodge: Dodged            |     5 |    17 |    32 |   212 |   160 ||   426
  Block: Kite shield       |       |       |       |       |    97 ||    97
         Buckler           |       |       |       |       |    36 ||    36
